 Dungeon Crawl Stone Soup version 0.30.0-15-g856e2d3f33 (webtiles) character file.

Game seed: 16596396809379844865

54487 Mahakala the Reanimator (level 14, -8/97 HPs)
             Began as a Demonspawn Necromancer on May 16, 2023.
             Was a High Priest of Hepliaklqana.
             Mangled by a tyrant leech (21 damage)
             ... on level 5 of the Lair of Beasts on May 18, 2023.
             The game lasted 01:46:54 (16550 turns).

Mahakala the Reanimator (Demonspawn Necromancer)   Turns: 16550, Time: 01:46:54

Health: -8/97      AC: 16    Str:  9    XL:     14   Next: 34%
Magic:  21/24      EV: 19    Int: 26    God:    Hepliaklqana [*****.]
Gold:   1356       SH:  0    Dex: 19    Spells: 11/27 levels left

rFire   . . .        a - +0 trident
rCold   . . .        (no shield)
rNeg    . . .        N - +5 ring mail of Hodyghy {rElec rPois Slay-2 SInv}
rPois   +            G - +0 helmet
rElec   +            K - +2 cloak
rCorr   .            p - +1 pair of gloves
SInv    +            (no boots)
Will    +....        (no amulet)
Stlth   ++           L - +6 ring of dexterity
HPRegen 0.36/turn    y - +5 ring of evasion
MPRegen 0.19/turn

%: no passive effects
@: animating dead, slowed, studying Staves, very slow
A: reduced essence, hooves 1, demonic guardian 3, ignite blood 3, big brain 2
a: Renounce Religion, Recall Ancestor, Ancestor Identity, Transference, Idealise


You were on level 5 of the Lair of Beasts.
You worshipped Hepliaklqana.
Hepliaklqana was extremely pleased with you.
You visited 3 branches of the dungeon, and saw 16 of its levels.

You collected 1356 gold pieces.

Inventory:

Hand Weapons
 a - a +0 trident (weapon)
 D - a +0 whip of draining
 I - a +0 sling
Missiles
 e - 7 curare-tipped darts {!f}
 g - 142 stones
 j - 47 poisoned darts (quivered)
 k - 11 boomerangs
 V - 4 boomerangs of dispersal
Armour
 p - a +1 pair of gloves (worn)
 G - a +0 helmet (worn)
 K - a +2 cloak (worn)
 N - the +5 ring mail of Hodyghy (worn) {rElec rPois Slay-2 SInv}
   (You found it on level 10 of the Dungeon)

   Slay:      It affects your accuracy & damage with ranged weapons and melee
   (-2).
   rElec:     It insulates you from electricity.
   rPois:     It protects you from poison.
   SInv:      It lets you see invisible.
 U - a +0 kite shield
Jewellery
 d - a ring of fire
 l - a ring of willpower
 n - a +4 ring of protection
 y - a +5 ring of evasion (right hand)
 z - a ring of see invisible
 L - a +6 ring of dexterity (left hand)
Wands
 t - a wand of flame (48)
 u - a wand of paralysis (18)
 x - a wand of quicksilver (8)
Scrolls
 c - 3 scrolls of immolation
 h - a scroll of brand weapon
 i - 3 scrolls of summoning
 s - 4 scrolls of enchant armour
 v - 2 scrolls of poison {unknown}
 w - 2 scrolls of magic mapping
 A - 3 scrolls of noise
 C - 11 scrolls of teleportation {@r4}
 H - a scroll of torment {unknown}
 J - 2 scrolls of enchant weapon {unknown}
 M - 3 scrolls of identify {@r1}
 O - 2 scrolls of amnesia {unknown}
 Q - a scroll of silence {unknown}
 S - a scroll of vulnerability {unknown}
 T - a scroll of blinking {@r3}
Potions
 b - 3 potions of magic
 f - 3 potions of heal wounds {@q2}
 m - 2 potions of berserk rage
 o - a potion of might
 q - 3 potions of haste {@q3}
 r - 5 potions of curing {@q1}
 B - 3 potions of cancellation
 E - 3 potions of brilliance
 F - a potion of lignification
 P - 2 potions of attraction
 R - a potion of flight


   Skills:
 - Level 9.0 Fighting
 - Level 11.0 Polearms
 - Level 8.0 Dodging
 - Level 4.0 Stealth
 + Level 6.1 Shields
 - Level 7.0 Spellcasting
 - Level 5.0 Conjurations
 - Level 14.0 Necromancy
 - Level 3.0 Air Magic
 - Level 6.0 Poison Magic
 - Level 8.0 Invocations


You had 11 spell levels left.
You knew the following spells:

 Your Spells              Type           Power      Damage    Failure   Level
a - Vampiric Draining     Necr           69%        2d10      1%          3
b - Animate Dead          Necr           69%        N/A       1%          4
c - Mephitic Cloud        Conj/Pois/Air  33%        N/A       8%          3
d - Agony                 Necr           69%        N/A       1%          5
z - Necrotise             Necr           100%       1d9       1%          1

Your spell library contained the following spells:

 Spells                   Type           Power      Damage    Failure   Level
 Poisonous Vapours        Pois/Air       64%        N/A       4%          2
 Swiftness                Air            24%        N/A       16%         3
 Apportation              Tloc           18%        N/A       17%         1
 Dazzling Flash           Conj/Hex       44%        N/A       19%         3
 Ensorcelled Hibernation  Hex/Ice        18%        N/A       26%         2
 Passwall                 Tmut/Erth      7%         N/A       26%         2
 Volatile Blastmotes      Fire/Tloc      18%        2d11      45%         3
 Iskenderun's Mystic Bla  Conj/Tloc      22%        2d6       52%         4
 Alistair's Intoxication  Tmut/Pois      16%        N/A       80%         5
 Freezing Cloud           Conj/Ice/Air   11%        6-21      86%         5
 Summon Forest            Summ/Tloc      4%         N/A       99%         5
 Conjure Ball Lightning   Conj/Air       14%        3x3d6     99%         6
 Eringya's Noxious Bog    Tmut/Pois      12%        N/A       100%        6
 Starburst                Conj/Fire      11%        6d5       100%        6
 Summon Hydra             Summ           4%         N/A       100%        7
 Discord                  Hex            4%         N/A       100%        8
 Disjunction              Tloc           4%         N/A       100%        8


Dungeon Overview and Level Annotations

Branches:
Dungeon (10/15)            Temple (1/1) D:4            Lair (5/5) D:10
 Spider (0/4) Lair:2        Slime (0/5) Lair:5          Orc (0/2) D:10
  Swamp: Lair:2-3    Shoals: Lair:2-3

Altars:
Ashenzari
Cheibriados
Dithmenos
Fedhas
Gozag
Hepliaklqana
Kikubaaqudgha
Makhleb
Nemelex Xobeh
Okawaru
Qazlal
Ru
Sif Muna
Trog
Uskayaw
Vehumet
Wu Jian
Xom
Yredelemnul
Jiyva

Shops:
D:2 :   D:7 *:

Annotations:
D:3 exclusion: phantom
Lair:2 exclusion: oklob plant
Lair:4 3 runed translucent doors, Ceyroiss's ghost, journeyman HuWn
Lair:5 1 runed translucent door


Innate Abilities, Weirdness & Mutations

Your life essence is reduced to manifest your ancestor. (-10% HP)
You have large cloven feet.
A powerful demonic guardian rushes to your aid.
Your demonic aura causes all spilled blood to erupt in flames.
You have an extremely huge brain. (Int +4)


Message History

The torpor snail bites you but does no damage.
You miss the tyrant leech. Your kick misses the tyrant leech.
The tyrant leech is almost dead.
The tyrant leech barely misses you. The tyrant leech bites you!
The tyrant leech draws strength from your injuries!
You barely miss the tyrant leech. Your kick misses the tyrant leech.
The tyrant leech is almost dead.
The tyrant leech bites you!
* * * LOW HITPOINT WARNING * * *
The tyrant leech draws strength from your injuries!
The torpor snail is engulfed in blazing flames.
The torpor snail bites you.
* * * LOW HITPOINT WARNING * * *
The tyrant leech is engulfed in blazing flames.
The tyrant leech bites you!
* * * LOW HITPOINT WARNING * * *
A demonic guardian appears!
The tyrant leech draws strength from your injuries!
The tyrant leech attacks as you move away!
The tyrant leech bites you.
* * * LOW HITPOINT WARNING * * *
The tyrant leech draws strength from your injuries!
Your balrug gestures at the tyrant leech.
The sticky flame hits the tyrant leech.
The tyrant leech is covered in liquid flames!
The torpor snail is engulfed in blazing flames.
The tyrant leech is engulfed in blazing flames.
The torpor snail attacks as you move away!
The torpor snail bites you.
* * * LOW HITPOINT WARNING * * *
The tyrant leech burns! x2
Your balrug gestures at the tyrant leech.
The tyrant leech is smitten.
The tyrant leech dies!
The dead are slithering!
The tyrant leech is engulfed in blazing flames.
You barely miss the tyrant leech.
The tyrant leech is almost dead.
The tyrant leech bites you!!
You die...

## ######## #
#.##.P.##.# ####..
##........#####.....
##...###.....##....P
###...## ##.....#..#
#..†##.# #.##.....##
##.⌠.### ##
#.#.@..#### #
#+#...###
####w°w°PZ#.#
$###....#
#.#°.2....# $ ##..##
####☼☼..#... ##..##
##...### ###...#
#...#.# ##.##..#
#.P..#.## ##..#P.##
#.PP...## ##Z#..Z##
##)...?#


You could see a tyrant leech, a torpor snail (ally target), a friendly balrug
(summoned, slow) and a friendly tyrant leech zombie (slow).

Vanquished Creatures
  2 hydras
  4 boulder beetles
  A catoblepas (Lair:2)
  2 death yaks (Lair:2)
  A skyshark (Lair:2)
  A manticore (Lair:5)
  6 elephants
  A guardian serpent (Lair:5)
  3 black mambas (Lair:5)
  8 cane toads
  3 rime drakes
  A redback zombie (Lair:5)
  8 komodo dragons
  A hydra zombie (Lair:5)
  A troll (D:9)
  3 polar bears
  4 blink frogs (Lair:5)
  2 dream sheep (Lair:5)
  4 black mamba zombies
  7 wyverns
  27 yaks
  A steam dragon (D:9)
  2 wargs (D:10)
  An acid dragon (D:10)
  3 cane toad zombies
  14 water moccasins
  Duvessa (D:7)
  An orc warrior (D:9)
  A hornet zombie (Lair:5)
  2 elephant zombies (Lair:4)
  3 black bears
  An ice beast (D:6)
  An ogre (D:7)
  2 dream sheep zombies (Lair:5)
  5 wolves (Lair:2)
  A kobold brigand (D:9)
  3 komodo dragon zombies
  5 bullfrogs
  A scorpion (D:5)
  A wyvern zombie (Lair:2)
  Dowan (D:7)
  4 wights
  A polar bear zombie (Lair:4)
  4 yak zombies
  A howler monkey (D:7)
  A wolf zombie (Lair:2)
  2 bullfrog zombies
  3 jellies
  A hound (D:5)
  An orc priest (D:4)
  3 sleepcaps
  Terence (D:2)
  2 iguanas
  4 orc wizards
  3 adders
  2 gnolls (D:7)
  A white imp (D:7)
  An ufetubus (D:7)
  2 dart slugs
  35 orcs
  5 ball pythons
  5 endoplasms
  2 giant cockroaches (D:1)
  7 goblins
  3 hobgoblins
  2 quokkas
  5 bats
  2 frilled lizards (D:2)
  4 kobolds
  4 rats
251 creatures vanquished.

Vanquished Creatures (collateral kills)
  5 hydras
  2 boulder beetles
  A two-headed ogre (D:10)
  A death yak (Lair:2)
  A wolf spider (Lair:5)
  6 black mambas
  6 elephants (Lair:4)
  3 torpor snails
  9 cane toads
  A gargoyle (D:10)
  2 rime drakes (Lair:2)
  6 komodo dragons
  4 hornets (Lair:5)
  A troll (D:10)
  8 blink frogs
  A tyrant leech (Lair:5)
  3 dream sheep (Lair:5)
  2 jumping spiders (Lair:2)
  2 culicivoras (Lair:2)
  3 slime creatures (D:8)
  22 yaks
  6 wyverns
  3 basilisks
  A steam dragon (Lair:2)
  5 redbacks
  Grum (Lair:1)
  2 wargs (D:10)
  12 water moccasins
  An ice beast (D:8)
  A sky beast (D:8)
  An ogre (D:7)
  4 wolves
  A centaur (D:9)
  A kobold brigand (D:9)
  8 bullfrogs
  A scorpion (D:4)
  8 wights
  2 gnoll sergeants
  3 killer bees (D:10)
  A howler monkey (D:10)
  3 hounds
  2 jellies
  An orc priest (D:5)
  An iguana (D:6)
  A sleepcap (D:4)
  4 orc wizards
  5 gnolls
  A shadow imp (D:6)
  2 white imps
  8 orcs
  2 endoplasms (D:1)
  7 kobolds (D:9)
  A rat (D:1)
189 creatures vanquished.

Vanquished Creatures (others)
  A death yak zombie (Lair:2)
  A hydra zombie (Lair:5)
  A jumping spider zombie (Lair:2)
  A guardian serpent zombie (Lair:5)
  2 black mamba zombies (Lair:5)
  5 cane toad zombies
  A blink frog zombie (Lair:5)
  A dream sheep zombie (Lair:5)
  4 elephant zombies
  2 rime drake zombies (Lair:2)
  4 komodo dragon zombies
  5 wyvern zombies
  7 water moccasin zombies
  8 yak zombies
  A polar bear zombie (Lair:5)
  2 wolf zombies (Lair:1)
  3 bullfrog zombies
  A killer bee zombie (D:10)
  20 battlemagi
  4 ancestors
  A gnoll zombie (D:8)
  4 kobold zombies (D:9)
  2 orc zombies (D:8)
81 creatures vanquished.

Grand Total: 521 creatures vanquished

Notes
Turn   | Place    | Note
-------+----------+-------------------------------------------
     0 | D:1      | Mahakala the Demonspawn Necromancer began the quest for the
                  | Orb.
     0 | D:1      | Reached XP level 1. HP: 13/13 MP: 3/3
   284 | D:1      | Gained mutation: A weak demonic guardian rushes to your
                  | aid. [demonic ancestry]
   284 | D:1      | Reached XP level 2. HP: 19/19 MP: 1/5
   357 | D:1      | Reached skill level 5 in Necromancy
  1247 | D:2      | Found Ciruig's Book Shop.
  1400 | D:2      | Gained mutation: Your demonic aura sometimes causes spilled
                  | blood to erupt in flames. [demonic ancestry]
  1400 | D:2      | Reached XP level 3. HP: 24/24 MP: 6/6
  1431 | D:2      | Learned a level 3 spell: Vampiric Draining
  1547 | D:2      | Noticed Terence
  1557 | D:2      | Killed Terence
  1731 | D:3      | Noticed a phantom
  1830 | D:3      | Reached skill level 1 in Polearms
  1848 | D:3      | Gained mutation: A demonic guardian rushes to your aid.
                  | [demonic ancestry]
  1848 | D:3      | Reached XP level 4. HP: 30/30 MP: 1/7
  2007 | D:3      | Reached skill level 6 in Necromancy
  2389 | D:3      | Found a faded altar of an unknown god.
  2681 | D:4      | Gained mutation: You have an unusually large brain. (Int
                  | +2) [demonic ancestry]
  2681 | D:4      | Reached XP level 5. HP: 26/36 MP: 5/8
  2772 | D:4      | Found a staircase to the Ecumenical Temple.
  2799 | D:4      | Reached skill level 1 in Fighting
  2816 | Temple   | Entered the Ecumenical Temple
  2816 | Temple   | Found a transporter.
  2816 | Temple   | Found a transporter.
  2818 | Temple   | Found a transporter.
  2818 | Temple   | Found a transporter.
  2851 | Temple   | Became a worshipper of Hepliaklqana the Forgotten
  3482 | D:4      | Reached * piety under Hepliaklqana
  3634 | D:5      | Entered Level 5 of the Dungeon
  3641 | D:5      | Noticed a black bear
  3744 | D:4      | Reached XP level 6. HP: 13/39 MP: 1/9
  4136 | D:5      | Found an ancient bone altar of Kikubaaqudgha.
  4136 | D:5      | Found an iron altar of Okawaru.
  4387 | D:5      | Gained mutation: A powerful demonic guardian rushes to your
                  | aid. [demonic ancestry]
  4387 | D:5      | Reached XP level 7. HP: 45/45 MP: 7/10
  4761 | D:5      | Reached skill level 5 in Polearms
  5103 | D:6      | Reached skill level 7 in Necromancy
  5187 | D:6      | Reached XP level 8. HP: 35/50 MP: 12/14
  5489 | D:6      | Reached ** piety under Hepliaklqana
  5490 | D:6      | Remembered your ancestor Cyneburga as a battlemage
  6176 | D:7      | Noticed a walking frostbound tome
  6178 | D:7      | Found Hargh's Book Shoppe.
  6188 | D:7      | Noticed a walking earthen tome
  6435 | D:7      | Noticed Dowan
  6550 | D:7      | Found Raamig's Overcharged Wands.
  6579 | D:7      | Reached skill level 8 in Necromancy
  6795 | D:7      | Reached skill level 5 in Dodging
  6869 | D:7      | Noticed Duvessa
  6874 | D:7      | Gained mutation: You have an extremely huge brain. (Int +4)
                  | [demonic ancestry]
  6874 | D:7      | Reached XP level 9. HP: 58/58 MP: 9/15
  6879 | D:7      | Killed Duvessa
  6883 | D:7      | Killed Dowan
  6983 | D:8      | Learned a level 4 spell: Animate Dead
  7039 | D:8      | Found a basalt altar of Yredelemnul.
  7039 | D:8      | Found a burning altar of Makhleb.
  7110 | D:8      | Reached skill level 9 in Necromancy
  7161 | D:8      | Identified the +2 flail of the Hidden Vale {heavy, rPois
                  | rC+ rCorr}
  7213 | D:8      | Learned a level 3 spell: Mephitic Cloud
  7235 | D:8      | Reached skill level 1 in Conjurations
  7235 | D:8      | Reached skill level 1 in Poison Magic
  7236 | D:8      | Reached skill level 1 in Air Magic
  7901 | D:9      | Reached XP level 10. HP: 26/63 MP: 12/16
  7910 | D:9      | Reached *** piety under Hepliaklqana
  8165 | D:9      | Noticed a boulder beetle
  8187 | D:9      | Killed a boulder beetle
  8214 | D:9      | Reached skill level 10 in Necromancy
  8748 | D:9      | Reached skill level 5 in Poison Magic
  9022 | D:10     | Entered Level 10 of the Dungeon
  9088 | D:10     | Noticed a gargoyle
  9092 | D:10     | Noticed a two-headed ogre
  9173 | D:10     | Killed a gargoyle
  9174 | D:10     | Reached skill level 5 in Fighting
  9219 | D:10     | Killed a two-headed ogre
  9462 | D:10     | Gained mutation: Your demonic aura often causes spilled
                  | blood to erupt in flames. [demonic ancestry]
  9462 | D:10     | Reached XP level 11. HP: 61/72 MP: 17/17
  9483 | D:10     | Found a staircase to the Orcish Mines.
  9483 | D:10     | Found a staircase to the Lair.
  9554 | D:10     | Identified the +5 ring mail of Hodyghy {rElec rPois Slay-2
                  | SInv}
  9695 | D:10     | Upgraded the game from 0.30.0-11-gf55b779eaf to
                  | 0.30.0-15-g856e2d3f33
  9696 | Lair:1   | Entered Level 1 of the Lair of Beasts
  9722 | Lair:1   | Reached skill level 5 in Conjurations
  9730 | Lair:1   | Noticed Grum
  9738 | Lair:1   | Killed Grum
 10101 | Lair:1   | Reached **** piety under Hepliaklqana
 10133 | Lair:1   | Reached skill level 5 in Spellcasting
 10319 | Lair:1   | Found the +2 ratskin cloak {*Rats rPois rN+ Str-1 Int-1
                  | Dex+1}
 10466 | Lair:2   | Noticed an oklob plant
 10554 | Lair:2   | Found a hole to the Spider Nest.
 10825 | Lair:2   | Noticed a skyshark
 11018 | Lair:2   | Killed a skyshark
 11091 | Lair:2   | Noticed a boulder beetle
 11102 | Lair:2   | Reached skill level 11 in Necromancy
 11102 | Lair:2   | Reached XP level 12. HP: 49/79 MP: 18/22
 11112 | Lair:2   | Killed a boulder beetle
 11361 | Lair:2   | Noticed a catoblepas
 11570 | Lair:2   | Killed a catoblepas
 11654 | Lair:2   | Noticed a death yak
 11663 | Lair:2   | Killed a death yak
 11664 | Lair:2   | Reached skill level 12 in Necromancy
 11664 | Lair:2   | Reached skill level 5 in Invocations
 11891 | Lair:2   | Noticed a six-headed hydra
 11891 | Lair:2   | Noticed a death yak
 11891 | Lair:2   | Noticed a death yak
 11913 | Lair:2   | Killed a death yak
 11914 | Lair:2   | Noticed an eight-headed hydra
 11917 | Lair:2   | Killed a six-headed hydra
 11921 | Lair:2   | Killed a death yak
 11924 | Lair:2   | Killed an eight-headed hydra
 12161 | Lair:2   | Noticed a boulder beetle
 12172 | Lair:2   | Noticed a four-headed hydra
 12186 | Lair:2   | Killed a boulder beetle
 12190 | Lair:2   | Gained mutation: You have large cloven feet. [demonic
                  | ancestry]
 12190 | Lair:2   | Reached XP level 13. HP: 34/83 MP: 23/23
 12426 | Lair:2   | Identified the staff of fire "Wais" {Contam rF+ Int+4}
 12432 | Lair:2   | Identified the +7 scale mail of the Lobster {Harm rPois}
 12932 | Lair:3   | Reached skill level 13 in Necromancy
 13197 | Lair:3   | Learned a level 5 spell: Agony
 13541 | Lair:3   | Reached skill level 14 in Necromancy
 13614 | Lair:3   | Reached ***** piety under Hepliaklqana
 14780 | Lair:4   | Found a runed translucent gate.
 14780 | Lair:4   | Found a runed translucent gate.
 14780 | Lair:4   | Found a runed translucent gate.
 14846 | Lair:4   | Noticed Ceyroiss's ghost (journeyman HuWn)
 15106 | Lair:5   | Entered Level 5 of the Lair of Beasts
 15227 | Lair:5   | Reached skill level 10 in Polearms
 15246 | Lair:5   | Found a viscous altar of Jiyva.
 15247 | Lair:5   | Found a staircase to the Slime Pits.
 15518 | Lair:5   | Gained mutation: Your demonic aura causes all spilled blood
                  | to erupt in flames. [demonic ancestry]
 15518 | Lair:5   | Reached XP level 14. HP: 95/97 MP: 24/24
 15568 | Lair:5   | Reached skill level 1 in Shields
 16062 | Lair:5   | Reached skill level 5 in Shields
 16482 | Lair:5   | Found a runed translucent door.
 16550 | Lair:5   | Mangled by a tyrant leech

Illustrated notes

Levels and vault maps discovered:
D:1:      dpeg_arrival_boxorama, layout_rooms
D:2:      layout_loops_corners, serial_shops, shop, uniq_terence
D:3:      minmay_door_path, layout_rooms, nicolae_ecumenical_lake_church
D:4:      layout_cave_pods, minmay_temple_entry_overgrown
D:5:      layout_loops_ring, gammafunk_temple_overflow_statue
D:6:      layout_basic, serial_curves, eino_curves_02, eino_curves_03,
          eino_curves_01
D:7:      layout_loops_ring, serial_shops, nicolae_shop_mannequins,
          nicolae_shop_overcharged_wands, uniq_duvessa
D:8:      layout_basic, zin_statuary, gammafunk_temple_overflow_pools,
          item_on_display_a
D:9:      layout_stronghold, nicolae_figureground_pulse
D:10:     layout_gridville, lair_entry_dummy, minmay_orc_entry_guard_dogs,
          amethyst_killhole
Temple:   hellmonk_temple_divided_pantheon
Lair:1:   layout_chaotic_city, serial_bayou_shore_b, uniq_grum
Lair:2:   nzn_winding_woodlands_huge [nzn_winding_woodlands_5x15_pockets,
          nzn_winding_woodlands_5x15_river_crossing,
          nzn_winding_woodlands_5x15_split_checker,
          nzn_winding_woodlands_5x15_pathside_ponds,
          nzn_winding_woodlands_5x15_parted, nzn_winding_woodlands_5x15_zeroes,
          nzn_winding_woodlands_5x15_twine,
          nzn_winding_woodlands_5x15_sidewinder,
          nzn_winding_woodlands_5x15_concentric,
          nzn_winding_woodlands_5x15_jagged,
          nzn_winding_woodlands_center_pierced_h,
          nzn_winding_woodlands_center_garden,
          nzn_winding_woodlands_15x15_five_gardens], layout_gridlike,
          palyth_hydra_swamp_entry, nicolae_spider_entry_tight_spaces
Lair:3:   layout_regular_city, serial_bayou_pond_a, serial_bayou_pond_e,
          lemuel_fruit_tree, infiniplex_staircase_pool_2
Lair:4:   layout_gridlike, gammafunk_ghost_icy
Lair:5:   hangedman_lair_tendril_chambers, layout_gridlike, wormcave,
          slime_entry_1, minmay_shattered_shrine

Skill      XL: |  1  2  3  4  5  6  7  8  9 10 11 12 13 14 |
---------------+-------------------------------------------+-----
Stealth        | 2 4 |  4.0
Necromancy     | 5 6 7 8 9 10 11 12 14 | 14.0
Polearms       | 1 2 3 4 5 6 9 10 11 | 11.0
Dodging        | 2 3 5 6 8 |  8.0
Fighting       | 1 2 4 5 6 9 |  9.0
Spellcasting   | 4 7 |  7.0
Invocations    | 3 8 |  8.0
Conjurations   | 3 4 5 |  5.0
Poison Magic   | 3 5 6 |  6.0
Air Magic      | 3 |  3.0
Shields        | 6 |  6.1

Action                     |  1- 3 |  4- 6 |  7- 9 | 10-12 | 13-15 || total
---------------------------+-------+-------+-------+-------+-------++-------
  Melee: Short sword       |     8 |       |       |       |       ||     8
         Spear             |    15 |    28 |       |       |       ||    43
         Punch             |       |     1 |     1 |     2 |     4 ||     8
         Trident           |       |    25 |   167 |   366 |   346 ||   904
         Kick              |       |       |       |       |   101 ||   101
  Throw: Dart              |       |     3 |       |    13 |       ||    16
   Cast: Necrotise         |    51 |    89 |    53 |     7 |       ||   200
         Vampiric Draining |     1 |       |     1 |       |     3 ||     5
         Animate Dead      |       |       |     5 |    23 |    15 ||    43
         Mephitic Cloud    |       |       |       |    11 |    17 ||    28
         Agony             |       |       |       |       |     1 ||     1
 Invoke: Ancestor Life: Ba |       |       |     1 |       |       ||     1
         Recall Ancestor   |       |       |       |     1 |     2 ||     3
         Idealise          |       |       |       |       |     1 ||     1
  Evoke: Wand              |       |       |       |     2 |       ||     2
    Use: Scroll            |       |     5 |     2 |     7 |     8 ||    22
         Potion            |       |       |     1 |     2 |     2 ||     5
   Stab: Sleeping          |     2 |     1 |     6 |     4 |     1 ||    14
         Distracted        |       |       |     2 |     8 |    11 ||    21
         Confused          |       |       |       |     6 |    14 ||    20
 Armour: Robe              |     3 |       |       |       |       ||     3
         Leather armour    |     4 |    13 |    10 |     4 |       ||    31
         Ring mail         |       |       |       |    68 |    49 ||   117
  Dodge: Dodged            |    20 |    48 |    73 |   231 |   176 ||   548
